 Dungeon Crawl Stone Soup version 0.28-a0-1567-g1695149f81 (webtiles) character file.

Game seed: 1284196518919482589

945 Strat the Archer (level 7, -28/57 HPs)
             Began as a Demigod Hunter on Jan 19, 2022.
             Annihilated by a shadow (32 damage)
             ... on level 5 of the Dungeon.
             The game lasted 00:07:33 (5542 turns).

Strat the Archer (Demigod Hunter)                   Turns: 5542, Time: 00:07:33

Health: -28/57     AC:  7    Str: 21    XL:     7   Next: 58%
Magic:  9/9        EV: 11    Int: 13    God:
Gold:   252        SH:  0    Dex: 14    Spells: 6/6 levels left

rFire   . . .      SeeInvis .   b - +2 quarterstaff (chaos)
rCold   . . .      Faith    .   (shield currently unavailable)
rNeg    . . .      Spirit   .   h - +0 ring mail
rPois   .          Reflect  .   u - +0 helmet
rElec   .          Harm     .   p - +0 cloak
rCorr   .          Rampage  .   (no gloves)
Will    .....                   (no boots)
Stlth   +.........              (no amulet)
HPRegen 0.19/turn               (no ring)
MPRegen 0.11/turn               (no ring)

@: about to teleport
A: high mp 1, forlorn, divine attributes
a: no special abilities


You were on level 5 of the Dungeon.
You visited 2 branches of the dungeon, and saw 6 of its levels.

You collected 252 gold pieces.

Inventory:

Hand Weapons
 a - a +1 shortbow
 b - a +2 quarterstaff of chaos (weapon)
 y - a +0 short sword
Missiles
 d - 11 arrows
 e - 146 stones (quivered)
 w - a throwing net
Armour
 c - a +0 leather armour
 f - a +0 scale mail
 h - a +0 ring mail (worn)
 p - a +0 cloak (worn)
 u - a +0 helmet (worn)
Jewellery
 m - an amulet of regeneration
Wands
 B - a wand of flame (8)
Scrolls
 i - a scroll of teleportation
 l - 3 scrolls of identify {unknown}
 n - 2 scrolls of blinking {unknown}
 o - a scroll of amnesia {unknown}
 q - a scroll of enchant armour {unknown}
 s - a scroll of fear {unknown}
 t - a scroll of magic mapping {unknown}
 x - a scroll of summoning {unknown}
 C - a scroll of brand weapon {unknown}
Potions
 g - a potion of mutation {unknown}
 j - a potion of heal wounds {unknown}
 k - 3 potions of curing {unknown}
 r - a potion of degeneration {unknown}
 v - a potion of attraction {unknown}
 z - a potion of lignification {unknown}
 A - a potion of haste {unknown}


   Skills:
 - Level 3.0 Fighting
 + Level 8.7 Bows
 - Level 1.9 Dodging
 - Level 1.1 Stealth


You had 6 spell levels left.
You didn't know any spells.
Your spell library contained the following spells:

 Spells                   Type           Power      Damage    Failure   Level
 Animate Skeleton         Necr           0%         N/A       45%         1
 Apportation              Tloc           0%         N/A       45%         1
 Summon Small Mammal      Summ           0%         N/A       45%         1
 Conjure Flame            Conj/Fire      0%         6-21      83%         3
 Ignite Poison            Fire/Tmut/Pois 0%         N/A       83%         3
 Summon Guardian Golem    Hex/Summ       0%         N/A       83%         3
 Hailstorm                Conj/Ice       0%         3d3       99%         4
 Ice Form                 Ice/Tmut       0%         N/A       99%         4
 Sticky Flame             Conj/Fire      0%         2d3       99%         4
 Simulacrum               Ice/Necr       0%         N/A       100%        6
 Orb of Destruction       Conj           0%         9d5       100%        7
 Spellforged Servitor     Conj/Summ      0%         N/A       100%        7
 Chain Lightning          Conj/Air       0%         N/A       100%        9
 Fire Storm               Conj/Fire      0%         5d1       100%        9


Dungeon Overview and Level Annotations

Branches:
Dungeon (5/15)             Temple (1/1) D:4


Innate Abilities, Weirdness & Mutations

You have an increased reservoir of magic. (+10% MP)
You shall have no god before yourself.
Your divine heritage dramatically boosts your attributes as you level up.


Message History

You shoot an arrow. The arrow hits the ogre!
The ogre is moderately wounded.
You shoot an arrow. The arrow hits the ogre!
The ogre is severely wounded.
You shoot an arrow. The arrow barely misses the ogre.
You shoot an arrow. The arrow hits the ogre!
The ogre is almost dead.
You shoot an arrow. The arrow hits the ogre.
The ogre is almost dead.
The ogre hits you with a +0 giant spiked club!!
* * * LOW HITPOINT WARNING * * *
You are too injured to fight recklessly!
Your +2 quarterstaff of chaos is briefly surrounded by a scintillating aura of random colours.
b - a +2 quarterstaff of chaos (weapon)
You hit the ogre.
The ogre easily resists.
The ogre is almost dead.
The ogre hits you with a +0 giant spiked club!!
* * * LOW HITPOINT WARNING * * *
You barely miss the ogre.
The ogre is almost dead.
The ogre barely misses you.
You sock the ogre!
You feel better.
You kill the ogre!
Things that are here:
a +0 giant spiked club; an arrow; an ogre corpse The shadow slips into darkness.
The shadow flickers and vanishes!
Deactivating autopickup; reactivate with Ctrl-A.
There is a stone staircase leading down here.
The shadow strikes at you from the darkness!
* * * LOW HITPOINT WARNING * * *
Reactivating autopickup.
The shadow slips into darkness.
The shadow flickers and vanishes!
Deactivating autopickup; reactivate with Ctrl-A.
As you read the scroll labelled UTAIVO PISA, it crumbles to dust.
You feel strangely unstable.
It was a scroll of teleportation.
The shadow strikes at you from the darkness!
Ouch! That really hurt!
You die...

#h# #.... ..
#<# ... ... #.#
... O... ###h#
#.#####(##.....
....#
#..............
..Y## #(# ##Z#
#####(##.# ##.#
#.....##.# .W.#
#@###(##.# ####
#{#
#)##.#########
# #.#
#.#...........
# #.#
#.#......### #
#.#
#...##.....# #
#.#
##..##.###.###
# #.# #.....#
#.... # #.#
#.###.###.### #
#.# #.# #.....#
#


There were no monsters in sight!

Vanquished Creatures
  Sigmund (D:2)
  An ice beast (D:5)
  An ogre (D:5)
  A black bear (D:5)
  A phantom (D:4)
  A water moccasin zombie (D:5)
  A centaur zombie (D:5)
  A jelly (D:5)
  2 hounds
  Crazy Yiuf (D:4)
  2 iguanas
  A hound zombie (D:5)
  A hound skeleton (D:4)
  A howler monkey zombie (D:5)
  6 adders
  2 adder skeletons
  3 worms
  5 dart slugs
  4 orcs
  3 endoplasms
  5 giant cockroaches
  9 goblins
  8 hobgoblins
  2 jackals (D:1)
  2 quokkas
  5 ball pythons
  4 bats
  2 frilled lizards (D:1)
  10 kobolds
  4 rats
90 creatures vanquished.

Vanquished Creatures (others)
  2 withered plants (D:1)
2 creatures vanquished.

Grand Total: 92 creatures vanquished

Notes
Turn   | Place    | Note
-------+----------+-------------------------------------------
     0 | D:1      | Strat the Demigod Hunter began the quest for the Orb.
     0 | D:1      | Reached XP level 1. HP: 17/17 MP: 3/3
    68 | D:1      | Reached skill level 1 in Stealth
   308 | D:1      | Reached XP level 2. HP: 19/24 MP: 4/4
   450 | D:1      | Reached skill level 4 in Bows
  1411 | D:2      | Reached XP level 3. HP: 15/29 MP: 5/5
  2047 | D:2      | Got the Guide on Attacks
  2370 | D:3      | Noticed Sigmund
  2430 | D:2      | Killed Sigmund
  2431 | D:2      | Reached skill level 6 in Bows
  2431 | D:2      | Reached XP level 4. HP: 26/37 MP: 6/6
  2431 | D:2      | Reached XP level 5. HP: 29/42 MP: 7/7
  3326 | D:4      | Reached XP level 6. HP: 50/51 MP: 8/8
  3707 | D:4      | Found a staircase to the Ecumenical Temple.
  4134 | D:4      | Found a runed translucent door.
  4135 | D:4      | Noticed Crazy Yiuf
  4356 | D:4      | Killed Crazy Yiuf
  4357 | D:4      | Reached skill level 7 in Bows
  4479 | D:5      | Entered Level 5 of the Dungeon
  4598 | D:5      | Noticed a shadow
  4698 | Temple   | Entered the Ecumenical Temple
  4749 | D:5      | Reached XP level 7. HP: 44/57 MP: 9/9
  4907 | D:5      | Reached skill level 8 in Bows
  5542 | D:5      | Annihilated by a shadow

Illustrated notes

Levels and vault maps discovered:
D:1:      evilmike_arrival_rings, layout_basic,
          ebering_ecumenical_altar_petrified, chequers_jeans
D:2:      layout_loops_ring, nrook_mini_backslash
D:3:      layout_rooms, uniq_sigmund
D:4:      layout_loops_ring, minmay_temple_entry_enclosed_plants,
          uniq_crazy_yiuf_cottage
D:5:      layout_loops_ring, pf_just_have_faith,
          chequers_temple_overflow_statue_of_worship, kennysheep_generic_room_12
Temple:   lightli_temple_of_artemis

Skill      XL: |  1  2  3  4  5  6  7 |
---------------+----------------------+-----
Stealth        | 1 |  1.1
Bows           | 4 6 7 8 |  8.7
Fighting       | 2 3 |  3.0
Dodging        | |  1.9

Action                   |  1- 3 |  4- 6 |  7- 9 || total
-------------------------+-------+-------+-------++-------
Melee: Quarterstaff      |       |       |    19 ||    19
 Fire: Shortbow          |   108 |   164 |    29 ||   301
  Use: Scroll            |       |       |     1 ||     1
Armor: Leather armour    |     1 |       |       ||     1
       Ring mail         |     6 |    18 |    15 ||    39
Dodge: Dodged            |    18 |    35 |    29 ||    82

Table legend: (Time is in decaauts)
 A = Elapsed time spent in this place.
 B = Non-inter-level travel time spent in this place.
 C = Inter-level travel time spent in this place.
 D = Time resting spent in this place.
 E = Time spent auto-exploring this place.
 F = Levels seen in this place.
 G = Mean time per level.
                   A        B        C        D        E       F      G
               +--------+--------+--------+--------+--------+-----+--------+
         Total |   5556 |   5117 |    439 |    945 |   3333 |   6 |  926.0 |
       Dungeon |   5551 |   5112 |    439 |    945 |   3333 |   5 | 1110.2 |
        Temple |      4 |      4 |      0 |      0 |      0 |   1 |    4.0 |
               +--------+--------+--------+--------+--------+-----+--------+

Top non-repeatable levels by time:
     D:4: 1715 daAuts
     D:1: 1355 daAuts
     D:2: 1152 daAuts
     D:5: 741 daAuts
     D:3: 586 daAuts
  Temple: 4 daAuts
